 Dungeon Crawl Stone Soup version 0.29-a0-775-g4d7333d4e2 (webtiles) character file.

Game seed: 11197641598029270565

51 gobodom the Conjurer (level 3, 0/21 HPs)
             Began as an Octopode Conjurer on July 1, 2022.
             Slain by an orc
             ... wielding a +0 whip
              (2 damage)
             ... on level 3 of the Dungeon.
             The game lasted 00:05:32 (2000 turns).

gobodom the Conjurer (Octopode Conjurer)            Turns: 2000, Time: 00:05:32

Health: 0/21       AC:  1    Str:  8    XL:     3   Next: 81%
Magic:  2/6        EV: 13    Int: 20    God:
Gold:   117        SH:  0    Dex: 10    Spells: 5/6 levels left

rFire   . . .      SeeInvis .   (no weapon)
rCold   . . .      Faith    .   (no shield)
rNeg    + . .      Spirit   .   (helmet restricted)
rPois   .          Reflect  .   (no amulet)
rElec   .          Harm     .   c - ring of positive energy
rCorr   .          Rampage  .   (no ring)
Will    .....                   (no ring)
Stlth   +++.......              (no ring)
HPRegen 0.07/turn               (no ring)
MPRegen 0.10/turn               (no ring)
                                (no ring)
                                (no ring)

@: lethally poisoned (0 -> -7)
A: almost no armour, amphibious, 8 rings, camouflage 1, gelatinous body 1,
(nimble swimmer 1), tentacles, MP-powered wands
a: no special abilities


You were on level 3 of the Dungeon.
You visited 1 branch of the dungeon, and saw 3 of its levels.

You collected 117 gold pieces.

Inventory:

Missiles
 f - 6 boomerangs
Jewellery
 c - a ring of positive energy (left tentacle)
Scrolls
 d - 2 scrolls of noise
 e - a scroll of teleportation
Potions
 a - a potion of magic
 b - a potion of heal wounds
 g - a potion of flight {unknown}
 i - a potion of lignification


   Skills:
 + Level 0.2 Fighting
 + Level 0.5 Throwing
 + Level 2.3 Dodging
 + Level 2.9 Stealth
 + Level 2.3 Spellcasting
 + Level 4.8 Conjurations


You had 5 spell levels left.
You knew the following spells:

 Your Spells              Type           Power      Damage    Failure   Level
a - Magic Dart            Conj           84%        1d7       2%          1

Your spell library contained the following spells:

 Spells                   Type           Power      Damage    Failure   Level
 Searing Ray              Conj           42%        2d6       3%          2
 Dazzling Flash           Conj/Hex       22%        N/A       17%         3
 Fulminant Prism          Conj/Hex       5%         3d7       50%         4
 Iskenderun's Mystic Bla  Conj/Tloc      11%        2d4       50%         4


Dungeon Overview and Level Annotations

Branches:
Dungeon (3/15)

Altars:
Vehumet

Shops:
D:2 [


Innate Abilities, Weirdness & Mutations

You cannot wear most types of armour.
You are amphibious.
You can wear up to eight rings at the same time.
Your skin changes colour to match your surroundings (Stealth+).
Your rubbery body absorbs attacks. (AC +1, EV +1)
((You are camouflaged when in or above water. (Stealth+)))
You have tentacles for arms and can constrict up to eight enemies at once.
You expend magic power (3 MP) to strengthen your wands.


Message History

Your grab misses the orc.
The orc is heavily wounded.
The orc hits you with a +0 whip.
You barely miss the orc. Your grab misses the orc.
The orc is heavily wounded.
The adder barely misses you. The orc hits you with a +0 whip.
You tentacle-slap the orc but do no damage.
You grab the orc.
The orc is heavily wounded.
You constrict the orc, but do no damage.
The adder closely misses you. The adder barely misses you.
The orc hits you with a +0 whip.
You tentacle-slap the orc but do no damage.
You squeeze the orc, but do no damage.
The orc is heavily wounded.
You constrict the orc, but do no damage.
The adder completely misses you. The orc closely misses you.
You closely miss the adder. Your grab misses the adder.
You constrict the orc, but do no damage.
The adder barely misses you. The orc closely misses you.
You miss the adder. Your grab misses the adder. You constrict the orc.
The adder bites you. The orc barely misses you.
You barely miss the adder. Your grab misses the adder.
You constrict the orc, but do no damage.
The adder bites you. The adder closely misses you.
The orc hits you with a +0 whip.
* * * LOW HITPOINT WARNING * * *
You are too injured to fight recklessly!
Casting: Magic Dart (safe; 2% risk of failure)
Confirm with . or Enter, or press ? or * to list all spells.
Aiming: Magic Dart (safe; 2% risk of failure)
Press: ? - help, Shift-Dir - straight line, f/p - orc
Aim: an orc, wielding a +0 whip and wearing a +0 scale mail (heavily wounded, constricted by you, 100% to hit)
The magic dart hits the orc but does no damage.
The orc is heavily wounded.
You constrict the orc. The adder bites you.
* * * LOW HITPOINT WARNING * * *
You are lethally poisoned!
The adder poisons you! The orc hits you with a +0 whip.
You die...

#.#.#...#
#.....†....
##.#..#..#
###......##
#.#..###..#
###.##.#.
##..##.##..#
###..#.#.
#..##.(.##..#
#......#.
#.##..?.† #.#
#......#.
#..##.g. ..#
#......#.
##..##o# ..#
#......#.
#)#..#@#..#
######.#.
##.#...S.#
#†..
#.#.#...#)#
#...
######### #
#... #.#.


You could see an adder, an orc and a hobgoblin.

Vanquished Creatures
  A worm (D:3)
  3 ball pythons
  3 bats
  5 endoplasms
  2 giant cockroaches (D:2)
  4 goblins
  8 hobgoblins
  A quokka (D:1)
  2 frilled lizards
  6 kobolds
  9 rats
44 creatures vanquished.

Notes
Turn   | Place    | Note
-------+----------+-------------------------------------------
     0 | D:1      | gobodom the Octopode Conjurer began the quest for the Orb.
     0 | D:1      | Reached XP level 1. HP: 11/11 MP: 3/3
   300 | D:1      | Reached XP level 2. HP: 17/17 MP: 3/5
   759 | D:1      | Reached XP level 3. HP: 12/21 MP: 0/6
  1649 | D:2      | Found Cuukea's Antique Armour Boutique.
  1771 | D:2      | Gained mutation: You expend magic power (3 MP) to
                  | strengthen your wands. [potion of mutation]
  1908 | D:3      | Found a radiant altar of Vehumet.
  2000 | D:3      | Slain by an orc

Illustrated notes

Levels and vault maps discovered:
D:1:      minmay_arrival_radiant_lines, layout_basic
D:2:      layout_loops_cross, serial_shops, nicolae_lakefront_shop
D:3:      minmay_diamond_boxcup, layout_basic, mainiacjoe_overflow_alcove_1,
          shapermc_ecumenical_altar_flowoftime

Action                   || total
-------------------------++-------
Melee: Unarmed           ||    20
       Constrict         ||     7
       Tentacles         ||     4
Throw: Boomerang         ||     2
 Cast: Magic Dart        ||    78
  Use: Scroll            ||     9
       Potion            ||     4
Armor: Skin              ||     8
Dodge: Dodged            ||    23

Table legend: (Time is in decaauts)
 A = Elapsed time spent in this place.
 B = Non-inter-level travel time spent in this place.
 C = Inter-level travel time spent in this place.
 D = Time resting spent in this place.
 E = Time spent auto-exploring this place.
 F = Levels seen in this place.
 G = Mean time per level.
                   A        B        C        D        E       F      G
               +--------+--------+--------+--------+--------+-----+--------+
         Total |   1999 |   1986 |     13 |      0 |   1721 |   3 |  666.3 |
       Dungeon |   1999 |   1986 |     13 |      0 |   1721 |   3 |  666.3 |
               +--------+--------+--------+--------+--------+-----+--------+

Top non-repeatable levels by time:
     D:1: 979 daAuts
     D:2: 807 daAuts
     D:3: 212 daAuts
